Map: Alcyone LE

Players

Kirasempai - Winner!

  • Race: Terran Terran
  • League: Master
  • Spawn Location: 1:00

ИИ 1 (новичок)

  • Race: Terran Terran
  • Spawn Location: 7:00

VOD

Have the link to the VOD?

Description

Time

  • Played on: June 14, 2025, 7:01 a.m.
  • Length: 12:02
Show
View Real Time Build Order
Export as new Build Order

Kirasempai Terran - Winner!

Build Orders: Cyclone Opening, Mech 

Get SALT Encoding   

  12  0:00  SCV  
  13  0:13  SCV  
  14  0:17  Supply Depot  
  14  0:25  SCV  
  15  0:30  Refinery  
  15  0:39  SCV  
  16  0:46  Barracks  
  16  0:51  SCV  
  16  0:56  Refinery  
  17  1:03  SCV  
  18  1:15  SCV  
  19  1:32  Orbital Command  
  19  1:36  Factory  
  19  1:37  Reaper  
  20  2:00  SCV  
  21  2:01  Supply Depot  
  21  2:09  Reaper  
  23  2:15  SCV  
  23  2:20  Factory Tech Lab  
  23  2:41  SCV  
  23  2:43  Cyclone  
  27  2:45  Barracks Reactor  
  27  2:48  Command Center  
  27  2:55  Starport  
  27  3:02  Supply Depot  
  27  3:03  SCV  
  28  3:15  SCV  
  29  3:24  Siege Tank  
  32  3:27  SCV  
  33  3:39  SCV  
  34  3:43  Refinery  
  34  3:47  Barracks Tech Lab  
  34  3:51  SCV  
  35  3:59  Orbital Command  
  35  4:03  SCV  
  35  4:06  Factory  
  35  4:07  Viking  
  35  4:09  Viking  
  40  4:14  Refinery  
  40  4:24  Siege Tank  
  40  4:26  SCV x2  
  45  4:40  SCV x2  
  47  4:49  Viking  
  50  4:52  SCV  
  50  4:53  SCV  
  50  4:56  Siege Tank  
  50  4:57  Supply Depot x2  
  54  5:18  SCV x2  
  54  5:20  Barracks Tech Lab  
  54  5:21  Viking x2  
  60  5:27  Supply Depot  
  60  5:28  Siege Tank  
  60  5:34  SCV x2, Supply Depot  
  65  5:42  Factory  
  65  5:47  SCV x2  
  67  5:53  Viking  
  69  6:00  Supply Depot  
  69  6:01  SCV x2  
  71  6:11  Siege Tank  
  74  6:15  SCV x2  
  76  6:21  Command Center  
  76  6:33  SCV x2  
  76  6:37  Viking  
  76  6:38  Viking  
  76  6:39  Siege Tank  
  85  6:43  Siege Tank  
  88  6:55  SCV x2  
  90  7:07  Viking  
  90  7:08  Viking  
  94  7:21  Supply Depot x2  
  94  7:22  Supply Depot  
  94  7:33  Siege Tank x2  
  100  7:58  Viking  
  100  7:59  Viking  
  100  8:05  Siege Tank x2  
  110  8:07  Supply Depot  
  110  8:09  Supply Depot  
  110  8:10  Supply Depot  
Show
View Real Time Build Order
Export as new Build Order

ИИ 1 (новичок) Terran 

Build Orders:  

Get SALT Encoding   

  12  0:00  SCV  
  13  0:13  SCV  
  14  0:18  Supply Depot  
  14  0:36  Refinery  
  14  0:42  Barracks  
  14  1:02  Supply Depot  
  14  1:11  Refinery  
  14  1:28  Barracks Tech Lab  
  14  1:29  Orbital Command  
  14  1:46  Marine  
  15  1:54  SCV  
  16  2:06  SCV  
  17  2:19  SCV  
  18  2:31  SCV  
  18  2:32  Marine  
  20  2:43  SCV  
  21  2:55  SCV  
  22  3:18  Marauder  
  23  4:03  Marine  
  24  6:40  SCV  
  24  6:41  Marine  
  24  6:44  Supply Depot  
  24  6:46  Factory  
  26  6:48  Command Center  
  26  6:52  SCV  
  27  7:06  SCV  
  27  7:07  Supply Depot  
  24  7:12  Marine  
  25  7:33  SCV  
  25  7:34  Starport  
  25  7:42  Hellion  
  26  7:45  SCV  
  25  7:58  SCV  
  23  8:10  Hellion, SCV  
  23  8:16  Starport Tech Lab  
  22  8:22  SCV  
  15  8:28  Supply Depot  
  7  8:34  SCV  
  10  8:39  Hellion  
Tags
 
Composition
Mech
League
Master
Matchup
ТvТ
Spawn Locations
Cross Positions
Add a new tag
Caveats
  • Supply blocks, unpowered buildings, or Contaminate may cause inaccurate times.
  • Supply counts are checked every 10 seconds.